 Dungeon Crawl Stone Soup version 0.28.0-45-g0d030f2227 (webtiles) character file.

Game seed: 5109006562938766364

68 nickcage the Slasher (level 4, 35/35 HPs)
             Began as a Demonspawn Abyssal Knight on Apr 13, 2022.
             Was a Believer of Lugonu.
             Got out of the dungeon alive.
             The game lasted 00:03:34 (2535 turns).

nickcage the Slasher (Demonspawn Abyssal Knight)    Turns: 2535, Time: 00:03:35

Health: 35/35      AC:  6    Str: 15    XL:     4   Next: 1%
Magic:  5/5        EV:  9    Int: 11    God:    Lugonu [**....]
Gold:   33         SH:  0    Dex: 14    Spells: 3/3 levels left

rFire   . . .      SeeInvis .   a - +1 falchion
rCold   . . .      Faith    .   (no shield)
rNeg    . . .      Spirit   .   h - +0 scale mail
rPois   .          Reflect  .   (no helmet)
rElec   .          Harm     .   (no cloak)
rCorr   .          Rampage  .   (no gloves)
Will    .....                   (no boots)
Stlth   ..........              (no amulet)
HPRegen 0.11/turn               (no ring)
MPRegen 0.09/turn               (no ring)

@: no status effects
A: claws 1, demonic magic 1
a: Renounce Religion, Depart the Abyss, Bend Space


You escaped.
You worshipped Lugonu.
Lugonu was pleased with you.
You visited 1 branch of the dungeon, and saw 2 of its levels.
You visited the Abyss 1 time.

You collected 33 gold pieces.

Inventory:

Hand Weapons
 a - a +1 falchion (weapon)
Missiles
 c - 3 poisoned darts
Armour
 b - a +0 leather armour
 h - a +0 scale mail (worn)
Scrolls
 d - a scroll of enchant weapon {unknown}
 e - a scroll of vulnerability {unknown}
 g - a scroll of teleportation {unknown}
 i - a scroll of holy word {unknown}
 j - 2 scrolls of fear {unknown}
Potions
 f - a potion of mutation {unknown}


   Skills:
 - Level 3.0 Fighting
 + Level 3.9 Long Blades
 - Level 1.7 Armour
 - Level 0.8 Dodging
 - Level 2.4 Invocations


You had 3 spell levels left.
You didn't know any spells.
Your spell library contained the following spells:

 Spells                   Type           Power      Damage    Failure   Level
 Pain                     Necr           0%         1d4       80%         1
 Sting                    Tmut/Pois      0%         1d3       80%         1
 Portal Projectile        Hex/Tloc       0%         N/A       99%         3
 Swiftness                Air            0%         N/A       99%         3
 Olgreb's Toxic Radiance  Pois           0%         N/A       100%        4
 Agony                    Necr           0%         N/A       100%        5
 Blade Hands              Tmut           0%         N/A       100%        5
 Excruciating Wounds      Necr           0%         N/A       100%        5
 Lightning Bolt           Conj/Air       0%         1d11      100%        5
 Silence                  Hex/Air        0%         N/A       100%        5


Dungeon Overview and Level Annotations

Branches:
Dungeon (2/15)

Altars:


Innate Abilities, Weirdness & Mutations

You have sharp fingernails.
Spells you cast may paralyse adjacent enemies.


Message History

The quokka bites you but does no damage.
You slash the quokka!
You kill the quokka!
Lugonu accepts your kill.
No target in view!
You pick up a book of Weapons and begin reading...
You add the spells Portal Projectile and Blade Hands to your library.
You pick up the Reference Book on Contamination and Air and begin reading...
You add the spells Sting, Swiftness, Olgreb's Toxic Radiance, Lightning Bolt and Silence to your library.
A kobold comes into view. It is wielding a +0 short sword.
The kobold shouts!
The kobold throws a stone.
The stone barely misses you.
The kobold hits you with a +0 short sword.
You hit the kobold.
The kobold is moderately wounded.
The kobold hits you but does no damage.
You hit the kobold.
The kobold is severely wounded.
The kobold barely misses you.
You hit the kobold.
You kill the kobold!
Lugonu accepts your kill.
You can now bend space around yourself.
You have reached level 4!
You feel agile.
Your demonic ancestry asserts itself...
A menacing aura infuses your magic.
(D) Dungeon
Where to? (Enter - D:2, ? - help)
There is a stone staircase leading up here.
You climb upwards.
There is a stone staircase leading down here.
(D) Dungeon
Where to? (Enter - D:1, ? - help)
Okay, then.
There is an open door here.
You open the door.
There is an open door here.
There is an open door here.
There is a staircase leading out of the dungeon here.
Are you sure you want to leave the Dungeon?
This will make you lose the game!
You have escaped!

#.######## #.####### #..#.† #..#
#########'######### #..#.. ##.##
#.................# #..#.. ##..#
#.#.###########.#.# #..#.. ###.#
#.##.#.......#.##.# #..#.) ....##
#.#.#.###'###.#.#.# #..### .....#
#.#.#.#.....#.#.#.# #..#
.....###.#.#.#.....#.#.#.###..#
.....'.'.#.#.+..@..+.#.#.'.'..#
.....###.#.#.#.....#.#.#.###..###
.......#.#.#.#.....#.#.#.#.......
....##.#.#.#.###+###.#.#.#.##.###
######.#.##.#.......#.##.#.##.#
#.#.#.###########.#.#.##.#
#.#.................#.##.#
#.#########'#########.##.#
#.........#.##........##.#


There were no monsters in sight!

Vanquished Creatures
  An adder (D:2)
  A worm (D:2)
  3 ball pythons (D:1)
  6 endoplasms
  4 giant cockroaches
  8 hobgoblins
  A quokka (D:2)
  6 bats
  8 frilled lizards
  5 goblins
  5 kobolds
  2 rats (D:1)
50 creatures vanquished.

Vanquished Creatures (others)
  3 plants (D:2)
3 creatures vanquished.

Grand Total: 53 creatures vanquished

Notes
Turn   | Place    | Note
-------+----------+-------------------------------------------
     0 | Abyss:1  | nickcage the Demonspawn Abyssal Knight began the quest for
                  | the Orb.
     0 | Abyss:1  | Reached XP level 1. HP: 18/18 MP: 2/2
    62 | D:1      | Escaped the Abyss
   219 | D:1      | Reached * piety under Lugonu
   256 | D:1      | Gained mutation: You have sharp fingernails. [demonic
                  | ancestry]
   256 | D:1      | Reached XP level 2. HP: 24/24 MP: 3/3
  1209 | D:1      | Reached XP level 3. HP: 29/29 MP: 4/4
  1708 | D:2      | Found a faded altar of an unknown god.
  2459 | D:2      | Got the Reference Book on Contamination and Air
  2467 | D:2      | Reached ** piety under Lugonu
  2468 | D:2      | Gained mutation: Spells you cast may paralyse adjacent
                  | enemies. [demonic ancestry]
  2468 | D:2      | Reached XP level 4. HP: 33/35 MP: 5/5
  2535 | D:$      | Got out of the dungeon alive.

Illustrated notes

Levels and vault maps discovered:
D:1:      matt_arrival_los_fun, layout_basic
D:2:      layout_basic, ebering_ecumenical_altar_sacrificial, serial_forest,
          infiniplex_forest_straight_4, infiniplex_forest_lined_2,
          infiniplex_forest_fountain, infiniplex_forest_corner_1,
          infiniplex_forest_end_2, infiniplex_forest_clump_medium,
          infiniplex_forest_straight_4

Skill      XL: |  1  2 |
---------------+-------+-----
Long Blades    | 2 3 |  3.9
Fighting       | |  3.0
Armour         | |  1.7
Dodging        | |  0.8
Invocations    | |  2.4

Action                   |  1- 3 |  4- 6 || total
-------------------------+-------+-------++-------
Melee: Falchion          |   118 |       ||   118
Invok: Depart the Abyss  |     1 |       ||     1
Armor: Leather armour    |    23 |       ||    23
       Scale mail        |    12 |       ||    12
Dodge: Dodged            |    76 |       ||    76
